General information
- name: BNet
- type: Ladder team game (AT/RT)
- host: Battle.net
- saver: duessues
map: LostTemple
- players: 4
- length: 16:56
- speed: Fast
- version: 1.21 W3XP
- replay type: Public
» download(85 KB)
Players
team 1 (winner)
afflicted_chick (
blue | 69 APM | 1166 actions | 16:54)
7 Priestess of the Moon
3 Searing Arrows
3 Trueshot Aura
1 Starfall
3 Warden
2 Shadow Strike
1 Blink
» actions
| Assign group hotkey | 34 | |
| Basic commands | 9 | |
| Build / train | 63 | |
| Enter build submenu | 18 | |
| Enter hero's abilities submenu | 10 | |
| Give item / drop item | 1 | |
| Right click | 774 | |
| Select / deselect | 221 | |
| Select group hotkey | 4 | |
| Use ability | 32 | |
1166 total
» units
| Wisp | 27 | |
| Huntress | 4 | |
| Chimaera | 8 | |
| Druid of the Talon | 1 | |
40 total
» upgrades
| Strength of the Wild | 2 | |
| Reinforced Hides | 2 | |
| Corrosive Breath | 1 | |
| Druid of the Talon Training | 1 | |
6 total
» buildings
| Altar of Elders | 1 | |
| Moon Well | 7 | |
| Hunter's Hall | 1 | |
| Ancient of War | 2 | |
| Tree of Ages | 1 | |
| Tree of Eternity | 1 | |
| Tree of Life | 1 | |
| Ancient of Wind | 1 | |
| Chimaera Roost | 2 | |
17 total
» build order
00:10 Altar of Elders
00:21 Moon Well
02:20 Hunter's Hall
02:25 Ancient of War
02:28 Ancient of War
02:36 Moon Well
03:03 Tree of Ages
04:04 Moon Well
05:28 Tree of Eternity
06:18 Tree of Life
06:44 Ancient of Wind
07:57 Chimaera Roost
08:00 Chimaera Roost
08:02 Moon Well
08:22 Moon Well
11:46 Moon Well
13:14 Moon Well
duessues (
teal | 128 APM | 2171 actions | 16:56)
6 Death Knight
3 Death Coil
3 Unholy Aura
» actions
| Assign group hotkey | 22 | |
| Basic commands | 30 | |
| Build / train | 41 | |
| ESC pressed | 5 | |
| Enter build submenu | 20 | |
| Enter hero's abilities submenu | 6 | |
| Right click | 1040 | |
| Select / deselect | 161 | |
| Select group hotkey | 806 | |
| Use ability | 40 | |
2171 total
» units
| Acolyte | 8 | |
| Ghoul | 3 | |
| Crypt Fiend | 8 | |
| Gargoyle | 4 | |
| Frost Wyrm | 1 | |
24 total
» upgrades
| Creature Attack | 2 | |
| Creature Carapace | 1 | |
| Web | 1 | |
4 total
» buildings
| Crypt | 2 | |
| Altar of Darkness | 1 | |
| Graveyard | 1 | |
| Ziggurat | 8 | |
| Halls of the Dead | 1 | |
| Black Citadel | 1 | |
| Tomb of Relics | 1 | |
| Sacrificial Pit | 1 | |
| Boneyard | 2 | |
| Necropolis | 1 | |
19 total
» build order
00:16 Crypt
00:33 Altar of Darkness
00:42 Graveyard
00:58 Ziggurat
02:15 Ziggurat
03:04 Halls of the Dead
03:25 Crypt
05:22 Ziggurat
05:24 Ziggurat
09:54 Black Citadel
12:11 Ziggurat
12:12 Ziggurat
12:59 Tomb of Relics
13:05 Sacrificial Pit
14:32 Boneyard
14:33 Boneyard
15:21 Ziggurat
15:23 Ziggurat
15:25 Necropolis
» items
| Scroll of Town Portal | 1 | |
| Potion of Healing | 1 | |
| Orb of Corruption | 1 | |
| Potion of Mana | 1 | |
4 total
team 2 (loser)

»
LegendaryFerret (
red | 57 APM | 961 actions | 16:50)
4 Archmage
2 Summon Water Elemental
2 Brilliance Aura
2 Mountain King
1 Storm Bolt
1 Bash
» actions
| Assign group hotkey | 78 | |
| Basic commands | 135 | |
| Build / train | 63 | |
| Enter build submenu | 34 | |
| Enter hero's abilities submenu | 6 | |
| Right click | 124 | |
| Select / deselect | 353 | |
| Select group hotkey | 98 | |
| Use ability | 70 | |
961 total
» units
| Peasant | 20 | |
| Footman | 8 | |
| Rifleman | 9 | |
| Priest | 2 | |
39 total
» upgrades
| Defend | 1 | |
| Long Rifles | 1 | |
| Gunpowder | 1 | |
| Armor | 1 | |
| Sorceress Training | 1 | |
5 total
» buildings
| Altar of Kings | 1 | |
| Farm | 15 | |
| Barracks | 2 | |
| Scout Tower | 9 | |
| Arcane Tower | 1 | |
| Town Hall | 1 | |
| Arcane Vault | 1 | |
| Keep | 1 | |
| Blacksmith | 1 | |
| Lumber Mill | 1 | |
| Guard Tower | 5 | |
| Castle | 1 | |
| Arcane Sanctum | 1 | |
40 total
» build order
00:11 Altar of Kings
00:14 Farm
00:22 Barracks
00:46 Farm
01:45 Farm
02:11 Scout Tower
02:25 Farm
02:55 Arcane Tower
03:30 Town Hall
03:43 Arcane Vault
03:54 Farm
05:47 Keep
05:55 Blacksmith
06:43 Barracks
07:09 Lumber Mill
07:58 Farm
08:03 Scout Tower
08:05 Scout Tower
08:20 Farm
08:21 Farm
08:23 Farm
08:24 Farm
08:26 Farm
08:41 Farm
08:45 Scout Tower
08:47 Scout Tower
08:50 Guard Tower
09:53 Guard Tower
10:02 Scout Tower
10:04 Scout Tower
10:10 Farm
10:33 Guard Tower
10:42 Castle
10:56 Farm
11:37 Scout Tower
11:42 Scout Tower
12:10 Guard Tower
12:12 Farm
13:05 Guard Tower
14:12 Arcane Sanctum
» items
| Scroll of Regeneration | 2 | |
| Lesser Clarity Potion | 1 | |
3 total

»
NewtofDoom (
purple | 51 APM | 865 actions | 16:54)
4 Priestess of the Moon
2 Trueshot Aura
2 Scout
» actions
| Assign group hotkey | 20 | |
| Basic commands | 66 | |
| Build / train | 61 | |
| Enter build submenu | 18 | |
| Enter hero's abilities submenu | 5 | |
| Remove unit from queue | 3 | |
| Right click | 204 | |
| Select / deselect | 307 | |
| Select group hotkey | 153 | |
| Use ability | 28 | |
865 total
» units
| Wisp | 23 | |
| Archer | 13 | |
| Huntress | 4 | |
| Glaive Thrower | 2 | |
| Dryad | 7 | |
49 total
» upgrades
| Strength of the Moon | 2 | |
| Abolish Magic | 0 | |
| Improved Bows | 1 | |
3 total
» buildings
| Altar of Elders | 1 | |
| Moon Well | 4 | |
| Ancient of War | 2 | |
| Hunter's Hall | 1 | |
| Tree of Ages | 1 | |
| Ancient Protector | 4 | |
| Tree of Life | 1 | |
| Ancient of Lore | 3 | |
| Ancient of Wonders | 1 | |
18 total
» build order
00:09 Altar of Elders
00:16 Moon Well
00:26 Ancient of War
01:37 Moon Well
02:11 Hunter's Hall
02:29 Ancient of War
04:00 Moon Well
05:34 Tree of Ages
05:39 Moon Well
07:22 Ancient Protector
07:37 Tree of Life
08:20 Ancient of Lore
08:55 Ancient Protector
10:40 Ancient Protector
11:17 Ancient Protector
12:21 Ancient of Lore
13:59 Ancient of Lore
15:14 Ancient of Wonders
Chat log
(16:45 / All) duessues: gg